 Dungeon Crawl Stone Soup version 0.28.0-61-g67df4f89a8 (webtiles) character file.

Game seed: 16054249254777377121

198 AarnesTheHuman the Chopper (level 5, 0/47 HPs)
             Began as a Hill Orc Fighter on Feb 14, 2023.
             Killed by divine providence
             ... invoked by an orc priest
              (13 damage)
             ... on level 3 of the Dungeon.
             The game lasted 00:02:01 (3028 turns).

AarnesTheHuman the Chopper (Hill Orc Fighter)       Turns: 3028, Time: 00:02:02

Health: 0/47       AC:  7    Str: 21    XL:     5   Next: 77%
Magic:  5/5        EV:  9    Int:  8    God:
Gold:   33         SH:  4    Dex: 10    Spells: 4/4 levels left

rFire   . . .      SeeInvis .   a - +0 war axe
rCold   . . .      Faith    .   c - +0 buckler
rNeg    . . .      Spirit   .   b - +0 scale mail
rPois   .          Reflect  .   (no helmet)
rElec   .          Harm     .   (no cloak)
rCorr   .          Rampage  .   (no gloves)
Will    .....                   (no boots)
Stlth   ..........              (no amulet)
HPRegen 0.15/turn               (no ring)
MPRegen 0.09/turn               (no ring)

@: no status effects
A: no striking features
a: Convert to Beogh


You were on level 3 of the Dungeon.
You visited 1 branch of the dungeon, and saw 3 of its levels.

You collected 33 gold pieces.

Inventory:

Hand Weapons
 a - a +0 war axe (weapon)
 f - a +0 hunting sling
 n - a +3 whip
Missiles
 i - 47 stones (quivered)
 p - 15 sling bullets
Armour
 b - a +0 scale mail (worn)
 c - a +0 buckler (worn)
Jewellery
 e - a +6 ring of strength
 q - an amulet of faith
Scrolls
 h - a scroll of enchant weapon {unknown}
 j - a scroll of teleportation {unknown}
 m - a scroll of holy word {unknown}
 o - 2 scrolls of amnesia {unknown}
 s - a scroll of magic mapping {unknown}
Potions
 d - a potion of might
 g - a potion of heal wounds {unknown}
 k - a potion of ambrosia {unknown}
 l - a potion of berserk rage {unknown}
 r - a potion of lignification {unknown}


   Skills:
 + Level 4.7 Fighting
 * Level 5.2 Axes
 + Level 4.2 Armour
 + Level 4.2 Shields


You had 4 spell levels left.
You didn't know any spells.
Your spell library was empty.

Dungeon Overview and Level Annotations

Branches:
Dungeon (3/15)

Altars:
Dithmenos
Fedhas
Kikubaaqudgha
Sif Muna
Trog
Vehumet


Message History

The endoplasm quivers.
The orc shouts!
There are monsters nearby!
There are monsters nearby!
You slash the orc!
You kill the orc!
You hit the orc.
The orc is lightly wounded.
The orc barely misses you.
You closely miss the orc.
The orc is lightly wounded.
The orc priest casts a cantrip, but nothing happens.
You barely miss the orc. The orc hits you but does no damage.
The endoplasm freezes you.
You are frozen.
You closely miss the orc. You hit the endoplasm.
The endoplasm closely misses you. The orc closely misses you.
The orc priest calls down the wrath of Beogh upon you.
Beogh smites you!
You slash the endoplasm!
You kill the endoplasm!
You hit the orc. You barely miss the orc.
The orc is lightly wounded.
You slash the orc!
You kill the orc!
The orc closely misses you.
The orc priest mumbles some strange prayers to Beogh against you.
You barely resist. The orc hits you with a +0 short sword.
You hit the orc.
You kill the orc!
The orc priest invokes the aid of Beogh against you.
Pain shoots through your body!
* * * LOW HITPOINT WARNING * * *
Found a potion of might.
The orc priest barely misses you.
Items here: )) [ ††.
You barely miss the orc priest.
The orc priest mumbles some strange prayers to Beogh against you.
Beogh smites you!
You die...

.##! ...
##### ..#
..... ..#
.#### ##..
## #.. #.
#o# #.
#####@# #.
#....)# #.
#.###.....$.
#. #.#
#####.#. #.
#.# ## #.#
#.# ###..♣
♣. #.#
#...♣.♣. .
#.# #....♣.
.♣


You could see an orc priest.

Vanquished Creatures
  An orc priest (D:2)
  An orc wizard (D:3)
  3 gnolls
  3 adders
  3 worms
  3 dart slugs
  8 orcs
  3 bats
  7 endoplasms
  4 giant cockroaches
  4 goblins
  2 hobgoblins
  6 jackals
  A quokka (D:3)
  5 ball pythons
  3 frilled lizards
  6 kobolds
  3 rats
66 creatures vanquished.

Notes
Turn   | Place    | Note
-------+----------+-------------------------------------------
     0 | D:1      | AarnesTheHuman the Hill Orc Fighter began the quest for the
                  | Orb.
     0 | D:1      | Reached XP level 1. HP: 19/19 MP: 1/1
   173 | D:1      | Reached skill level 3 in Axes
   271 | D:1      | Reached XP level 2. HP: 25/27 MP: 2/2
   508 | D:1      | Reached XP level 3. HP: 31/33 MP: 3/3
   920 | D:2      | Found a faded altar of an unknown god.
  1229 | D:2      | Reached skill level 4 in Axes
  1229 | D:2      | Reached XP level 4. HP: 26/40 MP: 4/4
  2256 | D:2      | Reached XP level 5. HP: 12/47 MP: 5/5
  2586 | D:3      | Found a bloodstained altar of Trog.
  2588 | D:3      | Found a blossoming altar of Fedhas.
  2589 | D:3      | Found an ancient bone altar of Kikubaaqudgha.
  2589 | D:3      | Found a shadowy altar of Dithmenos.
  2589 | D:3      | Found a shimmering blue altar of Sif Muna.
  2589 | D:3      | Found a radiant altar of Vehumet.
  2607 | D:3      | Reached skill level 5 in Axes
  3028 | D:3      | Killed from afar by an orc priest

Illustrated notes

Levels and vault maps discovered:
D:1:      amcnicky_arrival_underground_garden, layout_basic
D:2:      layout_basic, hellmonk_ecumenical_altar_arch_garden,
          minmay_large_rounded_square, st_stairs_4
D:3:      layout_loops_ring, okawaru_trees_2, grunt_temple_overflow_open,
          chequers_serial_rivers_micro_c, minmay_misc_feat_iff, st_stairs_5

Skill      XL: |  1  2  3  4  5 |
---------------+----------------+-----
Axes           | 3 4 5 |  5.2
Fighting       | 4 |  4.7
Armour         | 4 |  4.2
Shields        | 4 |  4.2

Action                   |  1- 3 |  4- 6 || total
-------------------------+-------+-------++-------
Melee: War axe           |    89 |    87 ||   176
Armor: Scale mail        |    44 |    38 ||    82
Dodge: Dodged            |    42 |    43 ||    85
Block: Buckler           |    25 |    20 ||    45
